cohdb
Replays
Latest Replays
All Replays
Popular Replays
Top Player Replays
Match Explorer
How It Works
Community
CoH3 Stats
Reddit
Sign in to upload your games and track your stats! →
Sign in with Steam
Match 45398675
Unlisted
Match 45398675
Overview
Messages
Build Orders
End
Construct Barracks
Engineer Squad
Riflemen Squad
Selects Heavy Weapons
Riflemen Squad
Grenade Package
Riflemen Squad
Construct Weapon Support Center
Infantry Support Center
M1918 Browning Automatic Rifles
Construct Medical Station
Bazooka Squad
Selects Assault Carriers
Selects Exchangeable Parts
Riflemen Squad
M3 Assault Carrier
Captain Retinue
M3 Assault Carrier
Grunk
mr. zombie110
mr. lazу
[PD] [9C] [FT] Claudius Tacitus
Nico-Nico-Nii~~
FLOKL
0
0
Comments
sign in to comment!
No comments posted yet!